[ PARTIDA AOE2 · #484787874 ]
UnrankedChinos vs Malians
Equipo del jugador · DERR
Equipo rival · VICT
[ ANÁLISIS DE REPETICIÓN · EXTRAÍDO DE LA PARTIDA GRABADA ]
Feudal
8:17
Castillos
—
Imperial
—
| APM promedio | 108.3 |
| APM pico | 126 |
| eAPM promedio | 34.0 |
| Aldeanos / militares | 24 / 8 |
Foco
⚔️ 38.0% · 🌾 62.0%
Skirmisher ×8
Feudal
8:29
Castillos
—
Imperial
—
| APM promedio | 94.9 |
| APM pico | 187 |
| eAPM promedio | 37.6 |
| Aldeanos / militares | 14 / 16 |
Foco
⚔️ 64.4% · 🌾 35.6%
Archer ×16
Mapa de la partida
Recursos iniciales + cada clic de construcción. Líneas = muros · curvas = relieve. ◆ oro · ⬟ piedra · ● bayas · ✦ reliquia · ◌ hueco del cierre
Tu base· Abierta — flanco sin cerrar
Base de Oni.TheViper· Abierta — flanco sin cerrar
Terreno inicial suavizado · ◌ = hueco del cierre detectado · pasá el cursor para detalles
Inputs por minuto
— LRRRSD350A - - Oni.TheViper
Build order — LRRRSD350A
56 acciones detectadas en el replay
| 0:00 | Investigar | Loom |
| 0:00 | Investigar | Loom |
| 0:41 | Crear | Villager (Male) |
| 0:41 | Crear | Villager (Male) |
| 1:06 | Crear | Villager (Male) |
| 1:29 | Crear | Villager (Male) |
| 1:53 | Crear | Villager (Male) |
| 1:54 | Crear | Villager (Male) |
| 1:59 | Construir | Lumber Camp |
| 2:17 | Crear | Villager (Male) |
| 2:41 | Crear | Villager (Male) |
| 3:06 | Crear | Villager (Male) |
| 3:20 | Construir | House |
| 3:25 | Crear | Villager (Male) |
| 3:46 | Crear | Villager (Male) |
| 4:07 | Crear | Villager (Male) |
| 4:35 | Crear | Villager (Male) |
| 4:54 | Construir | Mill |
| 4:58 | Crear | Villager (Male) |
| 5:09 | Crear | Villager (Male) |
| 6:07 | Investigar | Feudal Age |
| 6:21 | Construir | Lumber Camp |
| 7:20 | Construir | House |
| 7:43 | Construir | Barracks |
| 7:48 | Crear | Villager (Male) |
| 8:06 | Crear | Villager (Male) |
| 8:17 | Edad | Edad Feudal |
| 8:40 | Construir | Archery Range |
| 8:53 | Investigar | Double-Bit Axe |
| 8:54 | Crear | Villager (Male) |
| 9:04 | Construir | House |
| 9:06 | Construir | Palisade Wall |
| 9:21 | Crear | Skirmisher |
| 9:24 | Crear | Villager (Male) |
| 9:40 | Investigar | Horse Collar |
| 9:42 | Crear | Skirmisher |
| 9:47 | Crear | Villager (Male) |
| 9:55 | Construir | Palisade Wall |
| 9:58 | Crear | Villager (Male) |
| 10:07 | Crear | Skirmisher |
| 10:36 | Crear | Villager (Male) |
| 10:42 | Crear | Villager (Male) |
| 10:44 | Crear | Skirmisher |
| 10:48 | Crear | Villager (Male) |
| 10:49 | Construir | Farm |
| 10:49 | Construir | Farm |
| 10:57 | Crear | Skirmisher |
| 11:03 | Crear | Skirmisher |
| 11:21 | Construir | House |
| 11:22 | Construir | House |
| 11:23 | Construir | Farm |
| 11:23 | Construir | Farm |
| 11:35 | Construir | Farm |
| 11:53 | Construir | Palisade Gate |
| 11:59 | Crear | Skirmisher |
| 12:10 | Crear | Skirmisher |
Build order — Oni.TheViper
48 acciones detectadas en el replay
| 0:00 | Crear | Villager (Male) |
| 0:00 | Crear | Villager (Male) |
| 0:02 | Construir | House |
| 0:02 | Construir | House |
| 0:13 | Crear | Villager (Male) |
| 0:17 | Crear | Villager (Male) |
| 1:24 | Crear | Villager (Male) |
| 1:43 | Construir | Lumber Camp |
| 1:58 | Crear | Villager (Male) |
| 2:23 | Crear | Villager (Male) |
| 2:48 | Crear | Villager (Male) |
| 2:58 | Crear | Villager (Male) |
| 3:41 | Crear | Villager (Male) |
| 3:50 | Construir | House |
| 4:00 | Crear | Villager (Male) |
| 4:30 | Crear | Villager (Male) |
| 4:33 | Construir | Barracks |
| 5:04 | Crear | Villager (Male) |
| 5:16 | Crear | Villager (Male) |
| 5:27 | Investigar | Loom |
| 6:16 | Investigar | Feudal Age |
| 6:26 | Construir | Mining Camp |
| 6:56 | Construir | House |
| 8:23 | Construir | Palisade Wall |
| 8:29 | Edad | Edad Feudal |
| 8:29 | Construir | Archery Range |
| 8:32 | Construir | Archery Range |
| 9:11 | Crear | Archer |
| 9:25 | Crear | Archer |
| 9:31 | Construir | Blacksmith |
| 9:41 | Crear | Archer |
| 9:44 | Crear | Archer |
| 10:00 | Investigar | Fletching |
| 10:11 | Crear | Archer |
| 10:11 | Crear | Archer |
| 10:30 | Crear | Archer |
| 10:38 | Crear | Archer |
| 10:38 | Crear | Archer |
| 11:01 | Crear | Archer |
| 11:08 | Crear | Archer |
| 11:35 | Construir | House |
| 11:36 | Crear | Archer |
| 11:40 | Construir | Archery Range |
| 11:43 | Construir | Archery Range |
| 12:09 | Crear | Archer |
| 12:14 | Crear | Archer |
| 12:15 | Crear | Archer |
| 12:23 | Crear | Archer |
Cronología de la partida
| 4:33 | Oni.TheViper · first_building Barracks |
| 7:43 | LRRRSD350A · first_building Barracks |
| 8:17 | LRRRSD350A · age_up feudal |
| 8:23 | Oni.TheViper · wall_segment Palisade Wall x1 |
| 8:29 | Oni.TheViper · age_up feudal |
| 8:29 | Oni.TheViper · first_building Archery Range |
| 8:40 | LRRRSD350A · first_building Archery Range |
| 9:06 | LRRRSD350A · wall_segment Palisade Wall x11 |
| 9:55 | LRRRSD350A · wall_segment Palisade Wall x3 |
| 12:26 | LRRRSD350A · resign |
[ ANÁLISIS IA · 1 CRÉDITO ]
¿Qué pasó realmente en esta partida?
Wolo.gg analiza cada decisión: build order, eco, micro, errores típicos por bracket. Análisis personalizado por WhatsApp o Discord en 30 segundos.
Guía civ
Chinos
Perfil
Jugador #5188554